 Dungeon Crawl Stone Soup version 0.32-a0-132-g2d33c3cfaf (webtiles) character file.

Game seed: 234924762135716967

1885 cforsyth the Fighter (level 9, -3/71 HPs)
             Began as a Djinni Hexslinger on Feb 9, 2024.
             Was a Follower of the Shining One.
             Engulfed by a cloud of flame (5 damage)
             ... on level 6 of the Dungeon.
             The game lasted 00:07:20 (5674 turns).

cforsyth the Fighter (Djinni Hexslinger)            Turns: 5674, Time: 00:07:20

Health: -3/71      AC:  3    Str:  4 (7)  XL:     9   Next: 36%
Gold:   398        EV: 12    Int: 19 (20) God:    the Shining One [*.....] SH:  0 Dex: 19 (21)

rFire   + + .        a - +1 sling
rCold   x . .        (no shield)
rNeg    . . .        o - +0 robe {Will+}
rPois   ∞            (no helmet)
rElec   .            (no cloak)
rCorr   .            u - +0 pair of gloves
SInv    .            (boots unavailable)
Will    .....        (no amulet)
Stlth   +            D - +6 ring of dexterity
HPRegen 0.31/turn    (no ring)
MPRegen 0.00/turn

%: infuse magic (-4 HP)
@: weak-willed, flying, glowing
A: sickness immunity, fire resistance 2, cold vulnerability 1, float, innate
caster, HP casting, extra vitality 1, deterioration 1
a: Renounce Religion, Divine Shield


You were on level 6 of the Dungeon.
You worshipped the Shining One.
The Shining One was aware of your devotion.
You visited 2 branches of the dungeon, and saw 7 of its levels.

You collected 398 gold pieces.


Innate Abilities, Weirdness & Mutations

You are immune to sickness and miasma.
You are immune to poison.
Your flesh is very heat resistant. (rF++)
You are vulnerable to cold. (rC-)
You float through the air rather than walking.
You learn spells naturally, not from books.
Your magical power is your life essence.
You have superior vitality. (+4 MHP)
Your body sometimes deteriorates upon taking damage.


   Skills:
 + Level 8.4 Fighting
 - Level 1.5 Ranged Weapons
 - Level 2.1 Dodging
 + Level 6.8 Spellcasting
 + Level 6.8 Conjurations
 + Level 6.8 Hexes
 + Level 6.8 Summonings
 + Level 6.8 Necromancy
 + Level 6.8 Translocations
 + Level 6.8 Fire Magic
 + Level 6.8 Ice Magic
 + Level 6.8 Air Magic
 + Level 6.8 Earth Magic
 + Level 6.8 Alchemy


You knew the following spells:

 Your Spells              Type           Power      Damage    Failure   Level
c - Cause Fear            Hex            16%        N/A       6%          4
e - Freeze                Ice            100%       1d10      1%          1
f - Inner Flame           Hex/Fire       32%        N/A       1%          3
g - Gell's Gravitas       Tloc           32%        N/A       1%          3
l - Lesser Beckoning      Tloc           64%        N/A       1%          2
t - Teleport Other        Tloc           32%        N/A       1%          3
X - Jinxbite              Hex            64%        N/A       1%          2
Y - Sigil of Binding      Hex            32%        N/A       1%          3
Z - Dimensional Bullseye  Hex/Tloc       16%        N/A       6%          4
Your spell library was empty.

Inventory:

Hand Weapons
 a - a +1 sling (weapon)
Armour
 c - a +0 robe
 o - a +0 robe of willpower (worn)
 u - a +0 pair of gloves (worn)
Jewellery
 D - a +6 ring of dexterity (left hand)
Wands
 s - a wand of roots (9)
Scrolls
 b - 2 scrolls of poison
 d - 5 scrolls of identify {unknown}
 g - a scroll of acquirement {unknown}
 i - 2 scrolls of enchant weapon {unknown}
 j - a scroll of enchant armour {unknown}
 k - a scroll of fog {unknown}
 l - 3 scrolls of immolation {unknown}
 m - 5 scrolls of teleportation {unknown}
 q - a scroll of brand weapon {unknown}
 r - a scroll of revelation {unknown}
Potions
 e - a potion of haste {unknown}
 f - a potion of might {unknown}
 h - a potion of magic {unknown}
 n - 2 potions of degeneration
 p - a potion of curing {unknown}
 t - a potion of mutation
 v - a potion of cancellation {unknown}
 w - a potion of lignification {unknown}

Dungeon Overview and Level Annotations

Branches:
Dungeon (6/15)             Temple (1/1) D:4

Altars:
Ashenzari
Dithmenos
Elyvilon
Fedhas
Gozag
Hepliaklqana
Makhleb
Nemelex Xobeh
Qazlal
Ru
Trog
Uskayaw
Wu Jian
Xom
Yredelemnul
Zin
The Shining One

Annotations:
D:5 1 runed translucent door, Crazy Yiuf

#....... .. #......
... #....# .... ###
#####....##....
#..##..##.........
.##..................
......§§§##....##....
....##°y##....##....
##. #@###....†.....
###.. #°§#.....##....
......#.§##...<# ...
.....y§○§.###### ..
.##..##...# #. #####


You could see a vampire mosquito.


Message History

* * * LOW HITPOINT WARNING * * *
The vampire mosquito is engulfed in blazing flames.
Flame seeps out of the vampire mosquito.
The vampire mosquito bites you!
* * * LOW HITPOINT WARNING * * *
The vampire mosquito is engulfed in blazing flames.
Flame seeps out of the vampire mosquito.
The vampire mosquito bites you!
* * * LOW HITPOINT WARNING * * *
It was a potion of mutation.
You feel extremely strange.
You feel yourself wasting away. The vampire mosquito barely misses you.
The vampire mosquito is engulfed in blazing flames.
Flame seeps out of the vampire mosquito.
The vampire mosquito barely misses you. The vampire mosquito bites you!
The Shining One protects you from harm!
The vampire mosquito is engulfed in blazing flames.
The Shining One accepts your kill.
The vampire mosquito explodes!
The fiery explosion engulfs the vampire mosquito!!
The vampire mosquito is almost destroyed.
The fiery explosion engulfs you. You resist.
* * * LOW HITPOINT WARNING * * *
Unknown command.
Okay, then.
It was a potion of degeneration.
There was something very wrong with that liquid.
You feel weakened.
You feel dopey.
You feel clumsy.
You are engulfed in blazing flames.
You resist.
You die...

Skill      XL: |  1  2  3  4  5  6  7  8  9 |
---------------+----------------------------+-----
Spellcasting   | 3 4 5 6 |  6.8
Conjurations   | 3 4 5 6 |  6.8
Hexes          | 3 4 5 6 |  6.8
Summonings     | 3 4 5 6 |  6.8
Necromancy     | 3 4 5 6 |  6.8
Translocations | 3 4 5 6 |  6.8
Fire Magic     | 3 4 5 6 |  6.8
Ice Magic      | 3 4 5 6 |  6.8
Air Magic      | 3 4 5 6 |  6.8
Earth Magic    | 3 4 5 6 |  6.8
Alchemy        | 3 4 5 6 |  6.8
Fighting       | 2 3 4 5 7 8 |  8.4
Ranged Weapons | |  1.5
Dodging        | |  2.1

Action                     |  1- 3 |  4- 6 |  7- 9 || total
---------------------------+-------+-------+-------++-------
   Fire: Sling             |    62 |   129 |   124 ||   315
   Cast: Jinxbite          |    11 |    49 |    19 ||    79
         Inner Flame       |       |     4 |    12 ||    16
         Freeze            |       |       |     1 ||     1
    Use: Potion            |       |       |     2 ||     2
 Armour: Robe              |     9 |    24 |    45 ||    78
  Dodge: Dodged            |    15 |    28 |    50 ||    93

Levels and vault maps discovered:
D:1:      minmay_arrival_semitransparent, layout_loops_corners,
          minmay_liquid_box, minmay_ruptured
D:2:      layout_basic, basic_altar, kennysheep_generic_room_12
D:3:      layout_basic, amcnicky_altar_gilded, roderic_lattice_a,
          chequers_decorated_corner, nrook_campfire, minmay_gold_behind_fungi
D:4:      layout_basic, mainiacjoe_overflow_small_starburst,
          lemuel_crystal_altar, minmay_temple_entry_overgrown, uniq_menkaure,
          uniq_ijyb
D:5:      layout_gridville, uniq_crazy_yiuf_cottage, uniq_blork_the_orc
D:6:      kennysheep_steamy, layout_gridville, led_sif_pool,
          chequers_serial_rivers_large_b, fountainhead
Temple:   eino_temple_water

Notes
Turn   | Place    | Note
-------+----------+-------------------------------------------
     0 | D:1      | cforsyth the Djinni Hexslinger began the quest for the Orb.
     0 | D:1      | cforsyth set off with the following spells memorised:
                  | Jinxbite, Sigil of Binding, Inner Flame, Cause Fear,
                  | Dimensional Bullseye.
     0 | D:1      | Reached XP level 1. HP: 17/17 MP: 0/0
   180 | D:1      | Reached XP level 2. HP: 16/22 MP: 0/0
   713 | D:1      | Reached skill level 3 in Spellcasting
   713 | D:1      | Reached skill level 3 in Conjurations
   713 | D:1      | Reached skill level 3 in Hexes
   713 | D:1      | Reached skill level 3 in Summonings
   713 | D:1      | Reached skill level 3 in Necromancy
   713 | D:1      | Reached skill level 3 in Translocations
   713 | D:1      | Reached skill level 3 in Fire Magic
   713 | D:1      | Reached skill level 3 in Ice Magic
   713 | D:1      | Reached skill level 3 in Air Magic
   713 | D:1      | Reached skill level 3 in Earth Magic
   713 | D:1      | Reached skill level 3 in Alchemy
  1129 | D:2      | Reached skill level 2 in Fighting
  1129 | D:2      | Reached XP level 3. HP: 27/28 MP: 0/0
  1129 | D:2      | Learned a level 1 spell: Freeze
  1348 | D:2      | Reached XP level 4. HP: 32/34 MP: 0/0
  1638 | D:2      | Found a broken altar of Ashenzari.
  1827 | D:3      | Found a sparkling altar of Nemelex Xobeh.
  2257 | D:3      | Reached skill level 3 in Fighting
  2810 | D:3      | Reached XP level 5. HP: 18/40 MP: 0/0
  2810 | D:3      | Learned a level 2 spell: Lesser Beckoning
  3135 | D:4      | Found a burning altar of Makhleb.
  3215 | D:4      | Reached XP level 6. HP: 27/47 MP: 0/0
  3228 | D:4      | Reached skill level 4 in Fighting
  3228 | D:4      | Reached skill level 4 in Spellcasting
  3228 | D:4      | Reached skill level 4 in Conjurations
  3228 | D:4      | Reached skill level 4 in Hexes
  3228 | D:4      | Reached skill level 4 in Summonings
  3228 | D:4      | Reached skill level 4 in Necromancy
  3228 | D:4      | Reached skill level 4 in Translocations
  3228 | D:4      | Reached skill level 4 in Fire Magic
  3228 | D:4      | Reached skill level 4 in Ice Magic
  3228 | D:4      | Reached skill level 4 in Air Magic
  3228 | D:4      | Reached skill level 4 in Earth Magic
  3228 | D:4      | Reached skill level 4 in Alchemy
  3341 | D:4      | Identified the +0 leather armour "Ulokluenk" {Dex+8}
  3353 | D:4      | Found an opulent altar of Gozag.
  3375 | D:4      | Noticed Ijyb
  3382 | D:4      | Killed Ijyb
  3480 | D:4      | Found a staircase to the Ecumenical Temple.
  3626 | D:4      | Reached XP level 7. HP: 49/53 MP: 0/0
  3626 | D:4      | Learned a level 3 spell: Gell's Gravitas
  3657 | D:4      | Noticed Menkaure
  3662 | D:4      | Killed Menkaure
  3663 | D:4      | Reached skill level 5 in Fighting
  4255 | D:5      | Entered Level 5 of the Dungeon
  4276 | Temple   | Entered the Ecumenical Temple
  4286 | Temple   | Became a worshipper of the Shining One
  4426 | D:5      | Reached skill level 5 in Spellcasting
  4426 | D:5      | Reached skill level 5 in Conjurations
  4426 | D:5      | Reached skill level 5 in Hexes
  4426 | D:5      | Reached skill level 5 in Summonings
  4426 | D:5      | Reached skill level 5 in Necromancy
  4426 | D:5      | Reached skill level 5 in Translocations
  4426 | D:5      | Reached skill level 5 in Fire Magic
  4426 | D:5      | Reached skill level 5 in Ice Magic
  4426 | D:5      | Reached skill level 5 in Air Magic
  4426 | D:5      | Reached skill level 5 in Earth Magic
  4426 | D:5      | Reached skill level 5 in Alchemy
  4596 | D:5      | Reached XP level 8. HP: 52/61 MP: 0/0
  4645 | D:5      | Reached skill level 6 in Fighting
  4763 | D:5      | Noticed Blork the orc
  4771 | D:5      | Killed Blork the orc
  4935 | D:5      | Reached skill level 7 in Fighting
  5288 | D:5      | Reached skill level 6 in Spellcasting
  5288 | D:5      | Reached skill level 6 in Conjurations
  5288 | D:5      | Reached skill level 6 in Hexes
  5288 | D:5      | Reached skill level 6 in Summonings
  5288 | D:5      | Reached skill level 6 in Necromancy
  5288 | D:5      | Reached skill level 6 in Translocations
  5288 | D:5      | Reached skill level 6 in Fire Magic
  5288 | D:5      | Reached skill level 6 in Ice Magic
  5288 | D:5      | Reached skill level 6 in Air Magic
  5288 | D:5      | Reached skill level 6 in Earth Magic
  5288 | D:5      | Reached skill level 6 in Alchemy
  5535 | D:5      | Found a runed translucent door.
  5536 | D:5      | Noticed Crazy Yiuf
  5641 | D:6      | Reached XP level 9. HP: 67/68 MP: 0/0
  5641 | D:6      | Learned a level 3 spell: Teleport Other
  5664 | D:6      | Reached * piety under the Shining One
  5666 | D:6      | Reached skill level 8 in Fighting
  5672 | D:6      | HP: 7/70 [vampire mosquito (7)]
  5673 | D:6      | Gained mutation: Your body sometimes deteriorates upon
                  | taking damage. [potion of mutation]
  5673 | D:6      | The Shining One protects you from harm!
  5673 | D:6      | HP: 2/70 [spore (6)]
  5674 | D:6      | Engulfed by a cloud of flame

Vanquished Creatures
  Menkaure (D:4)
  3 vampire mosquitoes (D:6)
  A water moccasin (D:6)
  A black bear (D:5)
  2 ice beasts (D:5)
  Blork the orc (D:5)
  3 scorpions
  4 wights (D:5)
  2 howler monkeys (D:5)
  2 bombardier beetles (D:4)
  A hound (D:6)
  A jelly (D:5)
  An orc priest (D:5)
  Ijyb (D:4)
  4 sleepcaps
  2 iguanas (D:4)
  An orc wizard (D:5)
  5 adders
  2 dart slugs (D:2)
  6 ribbon worms
  9 orcs
  5 endoplasms
  6 giant cockroaches
  5 goblins
  3 hobgoblins
  5 jackals
  4 quokkas
  8 ball pythons
  4 bats
  4 frilled lizards
  9 kobolds
  4 rats
110 creatures vanquished.

Table legend: (Time is in decaauts)
 A = Elapsed time spent in this place.
 B = Non-inter-level travel time spent in this place.
 C = Inter-level travel time spent in this place.
 D = Time resting spent in this place.
 E = Time spent auto-exploring this place.
 F = Levels seen in this place.
 G = Mean time per level.
                   A        B        C        D        E       F      G
               +--------+--------+--------+--------+--------+-----+--------+
         Total |   5777 |   5469 |    308 |    140 |   4482 |   7 |  825.3 |
       Dungeon |   5756 |   5459 |    297 |    140 |   4482 |   6 |  959.3 |
        Temple |     20 |     10 |     10 |      0 |      0 |   1 |   20.0 |
               +--------+--------+--------+--------+--------+-----+--------+

Top non-repeatable levels by time:
     D:4: 1482 daAuts
     D:5: 1357 daAuts
     D:3: 1155 daAuts
     D:1: 1044 daAuts
     D:2: 674 daAuts
     D:6: 42 daAuts
  Temple: 20 daAuts

Table legend:
 A = Non-vault XP
 B = Vault XP
 C = Vault XP percentage of total XP
 D = Non-vault monster count
 E = Vault monster count
 F = Vault count percentage of total count
                 A         B        C        D         E       F
            +---------+---------+-------+---------+---------+-------
      Total |    2390 |     303 |  11.3 |     103 |       7 |   6.4
            +---------+---------+-------+---------+---------+-------
        D:1 |      23 |       4 |  14.8 |      14 |       3 |  17.6
        D:2 |      55 |       4 |   6.8 |      17 |       1 |   5.6
        D:3 |      53 |       0 |   0.0 |      20 |       0 |   0.0
        D:4 |     347 |     204 |  37.0 |      20 |       2 |   9.1
        D:5 |    1188 |      91 |   7.1 |      27 |       1 |   3.6
        D:6 |     724 |       0 |   0.0 |       5 |       0 |   0.0
            +---------+---------+-------+---------+---------+-------
